cohdb
Replays
Latest Replays
All Replays
Popular Replays
Top Player Replays
Match Explorer
How It Works
Community
CoH3 Stats
Reddit
Sign in to upload your games and track your stats! →
Sign in with Steam
Match 45684607
Unlisted
Match 45684607
Overview
Messages
Build Orders
End
Panzergrenadier Squad
250 Light Carrier
Selects Armored Support Battlegroup
Panzergrenadier Squad
Construct Light Support Kompanie
Combat Half-tracks
Fire Support Elements
Pak 38 Mechanized Group
Vehicle Survival Package
Flakvierling Half-track
Panzerjäger Squad
Selects Salvage Kits
Panzerpioneer Squad
Flakvierling Half-track
Panzerjäger Squad
Veteran Squad Leaders
Selects Veteran Gunners
Construct Mechanized Kompanie
Panzerjäger Mechanized Group
Marder III Tank Destroyer
Marder III Tank Destroyer
Nibbel
Pr3DaToR#
MJay
Hornyplod
AM
Oncle-Hô
Bobtheorangutan
cottyboy
0
0
Comments
sign in to comment!
No comments posted yet!